Map: 2000 Atmospheres LE

Players

KriXuS - Winner!

  • Race: Terran Terran
  • League: Master
  • Spawn Location: 7:00

DoomBulge

  • Race: Zerg Zerg
  • League: Master
  • Spawn Location: 3:00

VOD

Have the link to the VOD?

Description

Time

  • Played on: June 21, 2022, 12:25 a.m.
  • Length: 14:37
Show
View Real Time Build Order
Export as new Build Order

KriXuS Terran - Winner!

Build Orders: Reaper Expand 

Get SALT Encoding   

  12  0:00  SCV  
  13  0:12  SCV  
  14  0:16  Supply Depot  
  14  0:24  SCV  
  15  0:38  SCV  
  15  0:39  Barracks  
  16  0:44  Refinery  
  16  0:50  SCV  
  17  1:02  SCV  
  18  1:14  SCV  
  19  1:27  Orbital Command  
  19  1:28  Reaper  
  20  1:44  Command Center  
  20  1:52  Supply Depot  
  20  1:55  SCV  
  20  1:59  Marine  
  22  2:08  Factory  
  22  2:09  SCV  
  23  2:23  Barracks Reactor  
  23  2:24  SCV  
  24  2:47  SCV  
  24  2:50  Command Center  
  24  2:57  Orbital Command  
  24  2:59  SCV  
  24  3:05  Hellion x2  
  29  3:08  Barracks Tech Lab  
  29  3:10  Refinery  
  29  3:16  SCV  
  30  3:22  SCV  
  31  3:29  SCV, Hellion x2  
  36  3:34  SCV  
  36  3:37  Marine  
  36  3:40  Stimpack  
  36  3:41  SCV  
  39  3:46  SCV  
  40  3:53  SCV  
  41  3:55  Barracks  
  41  3:58  SCV  
  41  4:02  Marine, Orbital Command  
  43  4:03  Factory Reactor  
  43  4:05  SCV  
  44  4:11  SCV  
  44  4:12  Barracks  
  45  4:17  SCV  
  45  4:21  Engineering Bay  
  45  4:22  Engineering Bay  
  45  4:23  SCV  
  47  4:26  Marine  
  47  4:29  SCV  
  47  4:30  SCV  
  50  4:35  SCV  
  51  4:40  Supply Depot  
  51  4:41  SCV  
  51  4:42  SCV, Supply Depot  
  53  4:46  Marine x2  
  53  4:48  SCV  
  53  4:49  Marine  
  53  4:52  Factory Tech Lab  
  57  4:53  SCV, Terran Infantry Weapons Level 1  
  57  4:54  SCV, Terran Infantry Armor Level 1  
  59  5:00  SCV  
  59  5:01  Refinery  
  59  5:05  SCV  
  59  5:06  SCV  
  62  5:07  Marine x4  
  62  5:08  Marine  
  62  5:12  SCV  
  68  5:15  Orbital Command  
  68  5:16  Starport  
  68  5:17  SCV  
  68  5:18  Supply Depot x2  
  68  5:20  Combat Shield  
  69  5:24  SCV  
  69  5:25  Marine x2  
  69  5:26  Marine  
  69  5:27  Marine, Refinery  
  74  5:29  Marine  
  74  5:30  SCV  
  76  5:39  SCV  
  76  5:40  Siege Tank  
  80  5:43  SCV, Marine  
  80  5:44  Marine x2  
  80  5:46  SCV  
  85  5:51  SCV  
  85  5:52  Supply Depot x2, Starport Reactor  
  85  5:54  Marine  
  85  5:55  SCV, Marine  
  89  6:00  Marine  
  89  6:01  SCV  
  89  6:03  SCV  
  92  6:05  Marine  
  93  6:13  SCV x2, Marine, Siege Tank  
  93  6:15  Supply Depot x2, SCV  
  100  6:21  Supply Depot  
  100  6:22  Supply Depot  
  100  6:25  Marine x4  
  99  6:30  SCV x2, Barracks  
  99  6:31  Marine, Barracks  
  105  6:37  SCV  
  105  6:38  Armory  
  106  6:42  SCV  
  106  6:43  Marine  
  106  6:44  Marine x2  
  106  6:45  Supply Depot, Medivac x2, Siege Tank  
  106  6:47  Marine  
  117  6:48  SCV  
  117  6:49  Marine  
  117  6:53  SCV  
  121  6:54  SCV  
  121  6:59  Concussive Shells, Refinery  
  121  7:00  SCV  
  121  7:01  Supply Depot, Marine  
  124  7:02  Marine x2  
  124  7:06  SCV  
  124  7:07  Marine x2  
  129  7:08  SCV  
  129  7:09  Factory  
  129  7:12  SCV  
  129  7:13  Refinery  
  129  7:14  Supply Depot  
  131  7:17  Siege Tank  
  131  7:18  SCV, Marine  
  131  7:19  Marine x2  
  131  7:20  SCV  
  139  7:25  Barracks Reactor  
  139  7:26  Barracks Reactor  
  139  7:30  Command Center  
  139  7:40  Marine x5  
  144  7:49  Siege Tank  
  147  7:57  Marine  
  147  7:58  Marine x4  
  146  8:05  Marine  
  124  8:15  Marine x2  
  124  8:16  Marine x3  
  124  8:18  Marine  
  124  8:19  Marine x2  
  117  8:23  Marine  
  113  8:30  Factory Tech Lab, Siege Tank  
  113  8:32  SCV  
  113  8:33  Terran Infantry Armor Level 2, Marine x3, Terran Infantry Weapons Level 2  
  120  8:34  Terran Vehicle Weapons Level 1  
  120  8:35  SCV, Marine  
  120  8:38  Marine  
  123  8:43  SCV  
  123  8:44  Barracks x2  
  123  8:45  Marine x4  
  123  8:46  Barracks  
  128  8:48  Medivac  
  128  8:49  SCV, Medivac  
  128  8:51  Marine x3  
  128  8:53  Marine  
  137  8:55  Marine  
  137  8:59  Siege Tank  
  137  9:02  Siege Tank  
  144  9:03  Marine x3  
  147  9:12  Marine x5  
  147  9:13  Marine  
  149  9:18  Medivac x2  
  149  9:20  Marine  
  149  9:21  Marine x2  
  149  9:23  Planetary Fortress  
  150  9:26  Refinery  
  150  9:27  Refinery  
  150  9:30  Marine x5  
  155  9:31  Marine, Siege Tank  
  155  9:34  Siege Tank  
  155  9:37  Barracks Tech Lab x3  
  162  9:38  Marine x3  
  162  9:41  Ghost Academy  
  162  9:44  SCV  
  162  9:45  SCV  
  166  9:50  Missile Turret  
  166  9:52  Missile Turret x2  
  163  9:54  Missile Turret  
  163  9:57  Missile Turret  
  163  9:59  Missile Turret, Marine x2  
  164  10:00  Sensor Tower, Marine  
  164  10:01  Marine  
  164  10:04  Siege Tank  
  164  10:06  Marine x2, Siege Tank, Marauder  
  177  10:10  Missile Turret  
  177  10:14  Missile Turret  
  177  10:27  Supply Depot x2  
  177  10:31  Personal Cloaking  
  177  10:35  Command Center  
  177  10:36  Siege Tank  
  180  10:46  Marine  
  180  10:47  Marine  
  180  10:48  SCV, Marine  
  180  10:49  Marauder x3  
  185  11:01  Marine  
  186  11:07  Marine x2  
  186  11:13  Marine  
  186  11:16  Marine  
  180  11:19  Marine  
  180  11:20  Marine  
  180  11:21  Marine x6  
  180  11:25  Marine x2  
  171  11:29  Siege Tank x2  
  171  11:31  Marine  
  178  11:33  Marine  
  178  11:37  Marine  
  178  11:38  Marine x3  
  178  11:39  Marauder x4  
  191  11:45  Marine  
  191  11:46  Marine  
  182  11:48  SCV x2  
  182  11:49  Marine  
  182  11:51  Marine  
  170  11:54  Marine  
  170  11:55  Terran Infantry Weapons Level 3, Terran Infantry Armor Level 3  
  170  11:56  Marine  
  170  12:01  Siege Tank x2  
  173  12:07  Ghost  
  173  12:08  Ghost x3  
  164  12:09  Marine x3  
  164  12:15  Missile Turret  
  171  12:17  Missile Turret, Marine  
  171  12:18  Marine x4  
  176  12:26  Marine  
  176  12:27  Marine x2  
  179  12:36  Ghost  
  181  12:37  Marauder  
  181  12:41  Marine x5  
  177  12:48  Marine x2  
  176  12:54  Marine  
  176  12:58  Marine x2  
  173  13:00  Marine  
  173  13:02  Marine x5  
  173  13:05  Marine  
  177  13:06  Marine x2  
  177  13:12  Marine  
  172  13:15  Marine  
  172  13:16  Marine  
  172  13:18  Marine  
  172  13:19  Marine x2  
  175  13:20  Marine x3  
  175  13:23  Marine x2  
  175  13:24  Marine  
  176  13:30  Marine  
  176  13:33  Marine  
  145  13:34  Marine  
  145  13:36  Marine  
  145  13:37  Marine x4  
  145  13:39  SCV x3  
  153  13:46  Marine  
  153  13:47  Marine  
  153  13:48  Marine  
  155  13:52  Missile Turret  
  155  13:55  Orbital Command  
  153  13:56  Refinery  
  153  13:59  SCV  
  154  14:07  Ghost x2  
  158  14:14  Marine  
  158  14:15  Marine x2  
Show
View Real Time Build Order
Export as new Build Order

DoomBulge Zerg 

Build Orders: Hatch First 

Get SALT Encoding   

  12  0:00  Drone  
  13  0:13  Overlord  
  13  0:16  Drone  
  14  0:32  Drone x2  
  16  0:51  Hatchery  
  16  0:53  Drone  
  16  0:56  Drone  
  17  0:59  Drone  
  18  1:11  Extractor  
  17  1:16  Spawning Pool  
  17  1:18  Drone  
  17  1:21  Drone  
  18  1:30  Drone  
  19  1:39  Overlord  
  19  1:50  Drone  
  20  2:02  Queen x2  
  20  2:03  Zergling x4  
  26  2:12  Drone  
  26  2:13  Drone  
  27  2:34  Metabolic Boost  
  27  2:36  Hatchery  
  26  2:38  Queen  
  26  2:42  Drone  
  26  2:43  Drone  
  29  2:47  Overlord  
  29  2:54  Overlord  
  29  2:58  Drone x2  
  31  3:03  Drone x2  
  33  3:14  Queen  
  33  3:18  Queen  
  37  3:22  Drone  
  37  3:25  Drone  
  37  3:26  Drone  
  40  3:29  Drone x2  
  42  3:36  Zergling x6  
  45  3:45  Drone x4  
  45  3:46  Drone  
  50  3:55  Lair  
  50  4:00  Overlord  
  50  4:09  Baneling Nest  
  49  4:13  Drone  
  49  4:14  Overlord  
  50  4:17  Queen  
  50  4:23  Queen  
  54  4:25  Drone x4  
  58  4:37  Drone x8  
  66  4:52  Overlord  
  66  4:54  Centrifugal Hooks  
  66  5:00  Overlord x3  
  66  5:04  Baneling x2  
  66  5:10  Queen  
  68  5:20  Extractor, Drone x2  
  69  5:21  Extractor, Drone x2  
  69  5:22  Drone x2  
  69  5:23  Drone x2, Zergling x2  
  74  5:40  Zergling x2  
  74  5:41  Zergling x14  
  82  5:45  Queen  
  82  5:47  Hatchery x2  
  82  5:53  Overlord, Queen  
  82  5:55  Drone  
  82  5:56  Extractor, Drone x2  
  86  5:57  Drone  
  87  6:07  Zergling x8  
  87  6:08  Zergling x2  
  92  6:15  Overlord x3  
  92  6:36  Drone x2  
  92  6:37  Zergling x2  
  92  6:38  Evolution Chamber, Zergling x16  
  92  6:39  Baneling x7, Evolution Chamber  
  101  6:40  Baneling x7  
  101  6:43  Drone  
  101  6:45  Drone x2, Spire  
  103  7:10  Extractor, Drone x3  
  103  7:11  Extractor, Drone x2  
  103  7:12  Drone x4  
  103  7:13  Drone  
  103  7:14  Drone x2  
  103  7:15  Drone x6  
  119  7:21  Queen  
  121  7:25  Overlord x4  
  121  7:33  Zergling x14  
  121  7:36  Baneling x26  
  128  7:41  Zergling x16  
  136  7:52  Zergling x2  
  136  7:53  Zergling x10  
  140  8:01  Zergling x12  
  140  8:02  Zergling x6  
  118  8:22  Mutalisk x7  
  118  8:25  Extractor x2  
  130  8:33  Drone  
  130  8:34  Drone x4  
  132  8:35  Drone x11  
  146  8:47  Hatchery, Overlord x2  
  145  8:53  Infestation Pit  
  144  8:57  Overlord x4  
  144  9:01  Mutalisk x4  
  152  9:11  Baneling x4  
  148  9:22  Mutalisk x3  
  145  9:25  Zergling x2  
  145  9:26  Zergling x28  
  145  9:27  Extractor  
  159  9:42  Zerg Flyer Weapons Level 1  
  159  9:43  Hive  
  159  9:48  Hatchery  
  159  9:49  Mutalisk x3  
  162  9:57  Hatchery, Baneling x7  
  161  10:00  Hatchery  
  161  10:01  Zergling x10  
  161  10:02  Zergling x20  
  175  10:17  Overlord x2  
  175  10:35  Zerg Melee Weapons Level 1, Zerg Ground Armor Level 1  
  175  10:40  Mutalisk x6  
  187  10:52  Mutalisk  
  187  10:53  Mutalisk x2  
  193  11:10  Mutalisk  
  193  11:11  Mutalisk x3  
  168  11:22  Mutalisk x2  
  168  11:24  Zergling x12  
  168  11:25  Zergling x52  
  161  11:44  Mutalisk x5  
  161  11:46  Drone x3  
  155  11:47  Drone x3  
  131  11:55  Zerg Flyer Weapons Level 2  
  124  12:08  Drone  
  125  12:10  Drone x5  
  125  12:11  Drone  
  125  12:13  Zergling x18  
  140  12:17  Mutalisk  
  140  12:18  Hatchery  
  141  12:28  Mutalisk x4  
  151  12:35  Baneling x5  
  151  12:36  Baneling  
  144  12:38  Zergling x4  
  144  12:39  Zergling x14  
  129  13:01  Mutalisk x6  
  129  13:04  Zergling x18  
  150  13:12  Baneling x8  
  141  13:13  Baneling  
  141  13:18  Zergling x14  
  144  13:22  Baneling Nest  
  112  13:34  Mutalisk x3  
  112  13:37  Zergling x14  
  124  13:52  Mutalisk x2  
  124  13:54  Zergling x14  
  124  13:55  Zergling x8  
  139  13:56  Extractor  
  139  13:58  Hatchery  
  139  14:00  Extractor  
  139  14:01  Extractor  
  135  14:03  Extractor  
  135  14:07  Baneling x7  
Tags
 
Add a new tag
Caveats
  • Supply blocks, unpowered buildings, or Contaminate may cause inaccurate times.
  • Supply counts are checked every 10 seconds.